Map: Korhal Carnage Knockout LE

Players

Fropez

  • Race: Protoss Protoss
  • League: Silver
  • Spawn Location: 12:00

Mcjay - Winner!

  • Race: Protoss Protoss
  • Spawn Location: 6:00

VOD

Have the link to the VOD?

Description

Time

  • Played on: May 9, 2016, 12:22 a.m.
  • Length: 12:06
Show
View Real Time Build Order
Export as new Build Order

Fropez Protoss 

Build Orders:  

Get SALT Encoding   

  12  0:02  Probe (Chrono Boost)  
  13  0:15  Pylon  
  13  0:18  Probe (Chrono Boost)  
  14  0:25  Assimilator  
  14  0:31  Probe (Chrono Boost)  
  15  0:42  Gateway  
  15  0:55  Pylon  
  15  0:57  Probe (Chrono Boost)  
  15  1:03  Assimilator  
  16  1:08  Probe (Chrono Boost)  
  18  1:18  Probe (Chrono Boost)  
  18  1:21  Pylon  
  18  1:40  Probe (Chrono Boost)  
  19  1:49  Pylon  
  19  1:57  Probe (Chrono Boost)  
  20  2:02  Cybernetics Core  
  20  2:07  Probe (Chrono Boost)  
  21  2:12  Zealot  
  23  2:18  Probe (Chrono Boost)  
  24  2:39  Gateway  
  24  2:40  Mothership Core (Chrono Boost)  
  24  2:41  Warp Gate (Chrono Boost)  
  26  3:15  Nexus  
  26  3:22  Pylon  
  26  3:23  Probe (Chrono Boost)  
  27  3:30  Stalker  
  27  3:34  Probe (Chrono Boost)  
  30  3:40  Stalker  
  32  3:53  Probe (Chrono Boost)  
  33  4:00  Stalker  
  35  4:05  Probe  
  36  4:10  Stalker  
  38  4:17  Probe  
  39  4:25  Probe  
  39  4:29  Probe  
  41  4:36  Probe  
  42  4:44  Assimilator  
  42  4:46  Probe  
  42  4:48  Assimilator  
  43  4:54  Probe  
  43  4:55  Pylon  
  43  4:58  Robotics Facility  
  43  4:59  Pylon  
  44  5:03  Probe  
  45  5:08  Probe  
  45  5:11  Pylon  
  46  5:15  Probe  
  46  5:17  Stalker  
  46  5:18  Forge  
  46  5:19  Probe  
  50  5:29  Probe  
  50  5:33  Stalker  
  53  5:36  Probe  
  53  5:39  Twilight Council  
  54  5:46  Probe  
  54  5:47  Pylon  
  55  5:54  Protoss Ground Weapons Level 1 (Chrono Boost)  
  55  6:01  Stalker x2  
  59  6:17  Probe x2  
  60  6:24  Nexus, Pylon  
  61  6:26  Stalker  
  61  6:29  Stalker  
  61  6:30  Probe  
  61  6:31  Probe  
  67  6:38  Blink (Chrono Boost)  
  67  6:42  Probe  
  67  6:43  Probe  
  69  6:55  Probe, Assimilator  
  69  6:57  Dark Shrine  
  69  6:59  Assimilator  
  70  7:05  Robotics Facility  
  70  7:08  Probe  
  71  7:09  Probe  
  71  7:14  Pylon  
  72  7:31  Protoss Ground Weapons Level 2  
  70  7:45  Stalker  
  70  7:46  Stalker  
  72  7:56  Probe x2  
  74  8:01  Pylon  
  74  8:03  Photon Cannon  
  74  8:05  Gateway  
  74  8:06  Probe  
  74  8:07  Gateway  
  74  8:09  Pylon  
  75  8:24  Observer  
  75  8:26  Dark Templar x2  
  80  8:33  Gateway  
  80  8:38  Gateway  
  80  8:41  Gateway  
  80  8:45  Pylon  
  80  8:55  Observer  
  81  8:57  Gateway  
  81  8:58  Pylon  
  81  9:05  Dark Templar x2  
  83  9:16  Observer (Chrono Boost)  
  84  9:47  Dark Templar x5  
  84  9:48  Dark Templar x2  
  51  10:21  Dark Templar x2  
  51  10:22  Dark Templar x6  
  19  11:47  Nexus  
  19  11:51  Pylon  
  19  11:59  Nexus  
Show
View Real Time Build Order
Export as new Build Order

Mcjay Protoss - Winner!

Build Orders: Double Forge 

Get SALT Encoding   

  12  0:01  Probe (Chrono Boost)  
  13  0:11  Probe (Chrono Boost)  
  14  0:18  Pylon  
  14  0:22  Probe (Chrono Boost)  
  15  0:36  Probe (Chrono Boost)  
  15  0:38  Gateway  
  16  0:46  Assimilator  
  16  0:47  Probe (Chrono Boost)  
  17  0:57  Probe (Chrono Boost)  
  17  1:01  Pylon  
  18  1:08  Probe (Chrono Boost)  
  19  1:17  Assimilator  
  20  1:18  Probe (Chrono Boost)  
  20  1:29  Probe (Chrono Boost)  
  20  1:30  Cybernetics Core  
  21  1:39  Probe (Chrono Boost)  
  22  1:50  Probe (Chrono Boost)  
  23  2:02  Nexus  
  23  2:05  Probe (Chrono Boost)  
  24  2:12  Warp Gate (Chrono Boost)  
  24  2:18  Mothership Core  
  26  2:47  Robotics Facility  
  26  2:51  Stargate  
  26  2:52  Probe  
  27  3:02  Gateway  
  27  3:10  Stalker  
  27  3:12  Probe  
  30  3:17  Pylon  
  30  3:19  Probe  
  30  3:25  Pylon  
  30  3:26  Probe  
  32  3:36  Twilight Council  
  32  3:41  Pylon  
  32  3:43  Probe  
  32  3:44  Probe  
  34  3:49  Assimilator  
  34  4:00  Immortal  
  34  4:01  Probe  
  39  4:03  Probe  
  40  4:13  Probe  
  40  4:14  Probe  
  42  4:21  Stalker  
  42  4:22  Stalker  
  46  4:24  Blink (Chrono Boost)  
  46  4:25  Probe  
  46  4:26  Probe  
  48  4:40  Forge  
  48  4:41  Probe  
  48  4:42  Probe  
  50  4:53  Probe, Forge  
  50  4:55  Probe  
  52  5:01  Pylon  
  52  5:05  Pylon  
  52  5:06  Observer (Chrono Boost)  
  53  5:07  Probe  
  53  5:08  Probe  
  55  5:16  Pylon  
  55  5:24  Probe x2  
  55  5:26  Stalker x2  
  61  5:32  Warp Prism (Chrono Boost)  
  63  5:38  Probe x2  
  63  5:42  Assimilator  
  65  6:05  Stalker x2  
  68  6:14  Gateway  
  68  6:16  Gateway  
  68  6:17  Gateway  
  68  6:18  Gateway  
  68  6:25  Gateway x2  
  68  6:30  Pylon  
  68  6:33  Stalker x2  
  68  6:38  Immortal (Chrono Boost)  
  76  6:41  Protoss Ground Weapons Level 1 (Chrono Boost), Protoss Ground Armor Level 1 (Chrono Boost)  
  76  6:57  Stalker x2  
  80  7:08  Pylon  
  80  7:09  Pylon  
  80  7:11  Pylon  
  80  7:14  Pylon  
  80  7:15  Pylon  
  80  7:23  Immortal (Chrono Boost)  
  84  8:08  Stalker x3  
  84  8:09  Stalker x2  
  94  8:17  Pylon  
  94  8:19  Pylon  
  94  8:21  Immortal  
  98  8:33  Protoss Ground Armor Level 2 (Chrono Boost), Protoss Ground Weapons Level 2 (Chrono Boost)  
  98  8:46  Nexus  
  98  8:49  Pylon  
  98  8:51  Pylon  
  98  9:04  Stalker x4  
  98  9:05  Stalker x3  
  109  9:28  Observer  
  110  9:38  Stalker x5  
  116  9:39  Stalker  
  116  9:40  Stalker  
  120  10:13  Stalker x6  
  130  10:15  Stalker  
  130  10:20  Observer  
  116  10:45  Stalker  
  116  10:46  Stalker x4  
  113  11:23  Nexus  
  113  11:35  Nexus  
Tags
 
League
Silver
Matchup
PvP
Replay Pack
All Mines
Spawn Locations
Cross Positions
Add a new tag
Caveats
  • Supply blocks, unpowered buildings, or Contaminate may cause inaccurate times.
  • Supply counts are checked every 10 seconds.